Map: Ultralove

Players

ManlyManMeat

  • Race: Zerg Zerg
  • League: Diamond
  • Spawn Location: 7:00

MaJoRPoiLu - Winner!

  • Race: Terran Terran
  • League: Diamond
  • Spawn Location: 1:00

VOD

Have the link to the VOD?

Description

Time

  • Played on: July 10, 2025, 10:30 a.m.
  • Length: 11:21
Show
View Real Time Build Order
Export as new Build Order

ManlyManMeat Zerg 

Build Orders: Hatch First 

Get SALT Encoding   

  12  0:00  Drone  
  13  0:07  Drone  
  13  0:14  Drone, Extractor  
  15  0:22  Overlord  
  15  0:40  Drone  
  16  0:46  Hatchery  
  15  0:50  Drone  
  15  0:53  Drone  
  17  0:57  Drone  
  18  1:05  Drone  
  19  1:17  Extractor  
  18  1:19  Spawning Pool  
  17  1:32  Drone x2  
  19  1:38  Drone  
  20  2:06  Queen x2  
  20  2:08  Zergling x4  
  26  2:09  Overlord  
  26  2:19  Metabolic Boost  
  26  2:23  Drone x2  
  28  2:37  Hatchery  
  27  2:45  Queen  
  27  2:47  Drone  
  30  2:52  Overlord  
  30  3:00  Drone x2  
  30  3:01  Drone  
  30  3:02  Drone  
  30  3:04  Drone  
  36  3:12  Drone  
  36  3:13  Drone  
  37  3:27  Drone  
  37  3:28  Drone, Overlord  
  37  3:30  Drone  
  37  3:31  Overlord  
  40  3:34  Drone x2  
  40  3:40  Drone  
  43  3:46  Queen  
  43  3:47  Queen  
  47  4:00  Drone x2  
  47  4:01  Drone x5  
  52  4:10  Extractor  
  52  4:16  Extractor  
  50  4:19  Baneling Nest  
  50  4:21  Zergling x10, Evolution Chamber  
  53  4:31  Queen  
  53  4:36  Hatchery  
  53  4:37  Zergling x8  
  58  4:47  Zerg Melee Weapons Level 1  
  58  4:50  Drone x3  
  61  4:53  Drone x3  
  63  5:02  Drone  
  63  5:03  Drone, Spore Crawler  
  64  5:34  Zergling x2  
  64  5:35  Overlord x5  
  65  5:51  Spore Crawler  
  60  6:05  Drone x4  
  60  6:06  Drone x5, Overlord x5  
  68  6:12  Lair  
  68  6:25  Overlord  
  68  6:26  Drone  
  68  6:30  Drone x4, Hatchery  
  68  6:31  Baneling Nest  
  70  6:47  Extractor  
  70  6:49  Drone x3  
  70  6:50  Drone  
  70  6:51  Extractor  
  70  6:52  Extractor  
  70  6:53  Drone x2  
  70  6:54  Drone x4  
  77  7:15  Zerg Melee Weapons Level 2, Hatchery  
  77  7:18  Infestation Pit  
  77  7:19  Zergling x26  
  85  7:27  Zergling x2  
  85  7:28  Zergling x2  
  87  7:43  Hatchery  
  86  7:44  Baneling x9  
  86  7:54  Evolution Chamber  
  86  7:55  Zergling x28  
  99  8:12  Drone x2  
  101  8:13  Drone x5  
  101  8:14  Extractor  
  101  8:19  Extractor  
  104  8:20  Zerg Ground Armor Level 1  
  104  8:22  Hive  
  104  8:27  Zergling x24  
  104  8:28  Zergling x6  
  87  9:11  Zergling x4  
  87  9:12  Zergling x38  
  101  9:19  Zergling x2  
  101  9:20  Zergling x14  
  106  9:31  Baneling x6  
  106  9:32  Baneling x4  
  106  9:35  Adrenal Glands  
  106  9:37  Ultralisk Cavern  
  88  9:54  Zergling x38  
  88  9:55  Zergling x10  
  88  9:58  Queen x3  
  88  9:59  Queen  
  108  10:15  Drone x3  
  108  10:17  Queen  
  108  10:20  Baneling x10  
  113  10:34  Queen  
  105  10:47  Zergling x32  
  105  10:48  Zergling x6  
  108  10:54  Zergling x2  
Show
View Real Time Build Order
Export as new Build Order

MaJoRPoiLu Terran - Winner!

Build Orders: Command Center First 

Get SALT Encoding   

  12  0:00  SCV  
  13  0:12  SCV  
  14  0:17  Supply Depot  
  14  0:24  SCV  
  15  0:38  SCV  
  16  0:50  SCV  
  17  1:01  Command Center  
  17  1:03  SCV  
  18  1:16  Barracks  
  18  1:17  SCV  
  19  1:24  Refinery  
  19  1:28  Refinery  
  19  1:31  SCV  
  20  1:43  SCV  
  21  2:03  Marine  
  21  2:04  Orbital Command  
  21  2:05  Supply Depot  
  22  2:13  Orbital Command  
  22  2:26  Factory  
  22  2:30  Marine  
  22  2:36  SCV  
  24  2:39  SCV  
  25  2:45  Supply Depot  
  25  2:52  Barracks Reactor  
  25  2:53  SCV x2  
  26  3:05  SCV x2  
  27  3:08  Bunker  
  27  3:09  Factory Tech Lab  
  28  3:17  SCV  
  28  3:18  SCV  
  30  3:28  Marine x2, Siege Tank  
  30  3:29  SCV  
  30  3:30  SCV  
  37  3:38  Supply Depot  
  37  3:40  Starport  
  37  3:41  SCV  
  37  3:42  SCV  
  37  3:45  Marine  
  37  3:46  Marine  
  41  3:53  SCV  
  41  3:54  SCV  
  43  4:00  Widow Mine  
  45  4:03  Marine x2  
  47  4:12  SCV x2  
  47  4:16  Supply Depot  
  49  4:18  Medivac  
  49  4:21  Marine x2, Widow Mine  
  49  4:23  Barracks  
  55  4:24  SCV x2  
  55  4:30  Refinery  
  57  4:32  Refinery  
  57  4:35  Supply Depot  
  57  4:36  SCV x2  
  59  4:39  Marine x2  
  59  4:42  Siege Tank  
  59  4:44  Engineering Bay  
  64  4:48  Starport Reactor, SCV x2  
  66  5:00  Marine x2, SCV x2  
  66  5:06  Supply Depot  
  70  5:09  Supply Depot  
  70  5:11  Barracks Tech Lab, Terran Infantry Weapons Level 1  
  70  5:12  SCV  
  70  5:13  SCV  
  72  5:17  Marine  
  72  5:18  Marine  
  74  5:24  SCV  
  74  5:25  SCV  
  76  5:35  Marine  
  76  5:37  SCV x2  
  76  5:41  Siege Tank  
  76  5:42  Marine x2  
  84  5:44  Stimpack  
  84  5:49  SCV x2  
  86  5:53  Marine  
  87  5:59  Marine  
  87  6:00  Marine  
  87  6:01  SCV x2  
  89  6:11  Marine  
  89  6:13  SCV, Siege Tank  
  89  6:14  Command Center  
  89  6:18  SCV  
  93  6:25  SCV  
  94  6:39  Barracks x2  
  94  6:40  Barracks x2  
  94  6:43  Supply Depot, Marine x2, SCV, Liberator, Medivac  
  94  6:45  Supply Depot  
  102  7:02  Marine x2  
  102  7:03  Siege Tank, SCV  
  102  7:05  Terran Infantry Armor Level 1  
  108  7:09  Supply Depot  
  108  7:10  Supply Depot  
  108  7:13  Engineering Bay, Medivac  
  108  7:15  SCV  
  111  7:17  Armory  
  111  7:18  Marine, SCV  
  111  7:20  Marine x2  
  115  7:23  Combat Shield  
  115  7:26  Orbital Command  
  115  7:27  SCV  
  116  7:30  SCV  
  116  7:33  Refinery  
  116  7:34  Refinery  
  116  7:35  Barracks Tech Lab, Barracks Reactor  
  116  7:36  Marine, Barracks Reactor  
  118  7:37  Barracks Reactor  
  118  7:39  SCV  
  118  7:42  SCV  
  120  7:50  Siege Tank  
  120  7:51  SCV, Liberator, Medivac  
  126  7:53  Marine x2  
  126  7:54  Marine, SCV  
  133  8:01  SCV  
  133  8:03  SCV  
  135  8:06  SCV  
  135  8:07  Supply Depot  
  135  8:08  Terran Infantry Weapons Level 2  
  135  8:09  Supply Depot  
  135  8:11  Terran Vehicle Weapons Level 1  
  136  8:13  Marine x4, SCV  
  136  8:14  Marine x2  
  136  8:15  SCV  
  136  8:18  SCV  
  145  8:21  Medivac  
  145  8:22  Siege Tank  
  145  8:25  SCV  
  151  8:29  Marauder x2  
  151  8:30  Marine, Reaper  
  151  8:31  Marine x5  
  162  8:38  Supply Depot  
  162  8:41  Supply Depot  
  162  8:44  Supply Depot  
  162  8:47  Marine  
  162  8:48  Marine  
  164  8:49  Marine x4  
  164  8:50  Marauder  
  164  8:52  Command Center  
  164  8:54  Siege Tank  
  144  9:12  Marauder x2, Marine  
  144  9:13  Marine x7  
  148  9:26  Siege Tank  
  148  9:30  Marine  
  148  9:31  Marine x7  
  159  9:34  Marauder x2  
  163  9:42  Command Center  
  163  9:48  Marine x6  
  163  9:49  Marine x2  
  138  9:55  Marauder x2  
  132  10:06  Marine x8  
  140  10:16  Marauder  
  140  10:17  Marauder  
  144  10:23  Marine  
  144  10:24  Marine x7, Liberator, Siege Tank  
  144  10:25  Medivac  
  160  10:37  Marine  
  160  10:38  Marauder  
  160  10:41  Marine  
  160  10:42  Marine x5  
  163  10:55  Marine x2  
  163  10:56  Marauder  
  173  10:59  Marauder, Marine  
  173  11:00  Marine x5  
Tags
 
Add a new tag
Caveats
  • Supply blocks, unpowered buildings, or Contaminate may cause inaccurate times.
  • Supply counts are checked every 10 seconds.